 Dungeon Crawl Stone Soup version 0.18.1-50-g88ac8fd (webtiles) character file.

5183 Chiseanne the Covert (level 10, -1/51 HPs)
             Began as a Spriggan Assassin on Mar 29, 2017.
             Was an Initiate of Gozag.
             Slain by a yak (15 damage)
             ... on level 8 of the Dungeon.
             The game lasted 00:40:06 (13014 turns).

Chiseanne the Covert (Spriggan Assassin)           Turns: 13014, Time: 00:40:07

Health: -1/51      AC:  4    Str:  7    XL:     10   Next: 34%
Magic:  20/20      EV: 30    Int: 14    God:    Gozag
Gold:   357        SH:  2    Dex: 20    Spells: 0 memorised, 9 levels left

rFire  . . .     SeeInvis +     a - +4 dagger (venom)
rCold  . . .     Gourm    .     c - +0 robe
rNeg   . . .     Faith    .     (shield restricted)
rPois  .         Spirit   .     (helmet restricted)
rElec  .         Dismiss  .     I - +1 cloak
rCorr  .         Reflect  +     (gloves unavailable)
SustAt .         Harm     .     (boots unavailable)
MR     +....                    h - +2 amulet of reflection
Stlth  +++++++...               (no ring)
                                d - ring of magical power

@: very quick, somewhat resistant to hostile enchantments, extremely stealthy
A: unfitting armour, see invisible, herbivore 3, speed 3, slow metabolism 2
a: Potion Petition, Call Merchant, Bribe Branch, Renounce Religion


You were on level 8 of the Dungeon.
You worshipped Gozag.
Gozag was noncommittal.
You were full.

You visited 2 branches of the dungeon, and saw 10 of its levels.

You collected 1758 gold pieces.
You spent 822 gold pieces at shops.
You paid 579 gold pieces to Gozag.

Inventory:

Hand Weapons
 a - a +4 dagger of venom (weapon)
 e - a +3 hunting sling of evasion
 s - a +2 spear of piercing
 w - a +3 blowgun
 y - a cursed -3 short sword
Missiles
 f - 2 curare-tipped needles {!*}
 l - 97 sling bullets
 p - 155 arrows
 q - 365 stones
 t - 8 tomahawks
 v - 8 needles of paralysis {!*}
 G - 33 bolts
 H - 2 throwing nets (quivered)
 N - 24 poisoned needles
Armour
 c - a +0 robe (worn)
 I - a +1 cloak (worn)
Jewellery
 d - a ring of magical power (left hand)
 h - a +2 amulet of reflection (around neck)
 i - an uncursed amulet of faith {unknown}
Wands
 J - a wand of polymorph (16/24)
Scrolls
 m - 2 scrolls of magic mapping
 u - 8 scrolls of teleportation
 B - 4 scrolls of blinking
 D - 2 scrolls of remove curse
 L - a scroll of recharging
 M - a scroll of amnesia
Potions
 b - a potion of mutation {unknown}
 j - 3 potions of heal wounds
 k - 2 potions of resistance {unknown}
 n - 7 potions of curing
 o - 5 potions of flight
 r - 2 potions of lignification
 x - 2 potions of ambrosia {unknown}
 z - a potion of magic {unknown}
 A - a potion of brilliance {unknown}
 C - a potion of berserk rage {unknown}
 F - 3 potions of agility
 O - 2 potions of might
 P - 2 potions of cancellation
Comestibles
 g - 7 bread rations
 E - a slice of pizza


   Skills:
 + Level 5.2 Fighting
 - Level 2.1 Short Blades
 + Level 6.5 Throwing
 * Level 12.2 Dodging
 * Level 14.6 Stealth


You had 9 spell levels left.
You didn't know any spells.

Dungeon Overview and Level Annotations

Branches:
Dungeon (9/15)             Temple (1/1) D:5
   Lair: D:8-11         Orc: D:9-12

Altars:
Cheibriados
Fedhas
Gozag
Kikubaaqudgha
Makhleb
Nemelex Xobeh
Okawaru
Pakellas
Qazlal
Ru
Xom
Zin
The Shining One
Beogh

Shops:
D:4 ?   D:6 (   D:8 !


Innate Abilities, Weirdness & Mutations

You are tiny and cannot use many weapons and most armour.
You have supernaturally acute eyesight.
You are a herbivore.
You cover ground extremely quickly.
You need consume almost no food.


Message History

You closely miss the yak.
The yak is severely wounded.
The yak completely misses you.
You hit the yak but do no damage.
The yak is almost dead.
You hit the yak.
The yak is almost dead.
The yak completely misses you.
You hit the yak but do no damage.
The yak is almost dead.
The yak barely misses you.
You barely miss the yak.
The yak is almost dead.
The yak gores you!
* * * LOW HITPOINT WARNING * * *
You barely miss the yak.
The yak is almost dead.
The yak gores you!
You die...
Your body crumbles into a pile of gold.

........# #.>........####.###.
%.......# #..........####.# #.
........# #..........#....# #.
.......## #............######.
........# ####.##...#.###.....
........# #..####...##......
....<...## #Y## ##..#.......
.........# #Y# #..........
.........#### #@# ##.#.......
..........).####.# #.#.......
#.....####..#....# #.#.......
####### #.)#.#### #.##......
#..#.##########.###.....
##..............###..##.
#..............<.......
#....).................
###########.###..####............


You could see 2 yaks.

Vanquished Creatures
  Joseph (D:8)
  2 yaks
  Eustachio (D:5)
  2 hippogriffs (D:7)
  A human (D:7)
  Grum (D:8)
  Edmund (D:6)
  Duvessa (D:6)
  An ice beast (D:7)
  3 ogres
  3 wolves (D:8)
  A centaur (D:6)
  8 big kobolds
  Blork the orc (D:5)
  5 giant frogs
  A water moccasin zombie (D:7)
  Dowan (D:6)
  2 scorpions
  3 killer bees (D:8)
  8 wights (D:6)
  A howler monkey (D:6)
  A crimson imp (D:8)
  A quasit (D:8)
  6 orc priests
  2 wasp zombies
  2 gnoll shamans
  4 hounds
  A jelly (D:6)
  4 orc wizards
  3 centaur skeletons
  2 iguanas (D:4)
  8 worker ants
  4 sheep (D:7)
  A hound skeleton (D:5)
  A worker ant zombie (D:5)
  10 gnolls
  10 adders
  A shadow imp (D:7)
  An adder zombie (D:5)
  An ooze (D:2)
  2 adder skeletons
  A worm (D:5)
  A dart slug (D:1)
  7 giant geckos
  25 orcs
  3 giant cockroaches
  8 goblins
  10 hobgoblins
  6 jackals
  51 kobolds
  5 quokkas
  2 bats
  2 giant newts (D:2)
  A quokka zombie (D:5)
  4 rats
239 creatures vanquished.

Vanquished Creatures (others)
  An adder skeleton (D:8)
1 creature vanquished.

Grand Total: 240 creatures vanquished

Notes
Turn   | Place    | Note
--------------------------------------------------------------
     0 | D:1      | Chiseanne the Spriggan Assassin began the quest for the Orb.
     0 | D:1      | Reached XP level 1. HP: 10/10 MP: 2/2
   380 | D:1      | Reached skill level 6 in Stealth
   394 | D:1      | Reached XP level 2. HP: 14/14 MP: 3/3
   718 | D:2      | Found an oddly glowing altar of Pakellas.
   992 | D:2      | Reached XP level 3. HP: 14/18 MP: 4/4
   996 | D:2      | Found a shimmering altar of Xom.
  1513 | D:3      | Reached XP level 4. HP: 23/23 MP: 5/5
  1644 | D:3      | Reached skill level 7 in Stealth
  2157 | D:3      | Reached XP level 5. HP: 26/26 MP: 6/6
  2396 | D:4      | Reached skill level 8 in Stealth
  2468 | D:4      | Reached skill level 5 in Dodging
  2622 | D:4      | Found a burning altar of Makhleb.
  2632 | D:4      | Found a roughly hewn altar of Beogh.
  2647 | D:4      | Reached XP level 6. HP: 30/30 MP: 7/7
  2855 | D:4      | Found Helixom's Magic Scroll Shop.
  2863 | D:4      | Bought a scroll of noise for 11 gold pieces
  3811 | D:4      | Reached skill level 9 in Stealth
  4009 | D:4      | Reached XP level 7. HP: 28/35 MP: 8/8
  4626 | D:5      | Entered Level 5 of the Dungeon
  4626 | D:5      | Found a staircase to the Ecumenical Temple.
  4702 | Temple   | Entered the Ecumenical Temple
  5123 | D:5      | Found an opulent altar of Gozag.
  5234 | D:5      | Became a worshipper of Gozag Ym Sagoz the Greedy
  5248 | D:5      | Noticed Blork the orc
  5266 | D:5      | Killed Blork the orc
  5313 | D:5      | Found a snail-covered altar of Cheibriados.
  5661 | D:5      | Reached skill level 10 in Stealth
  6033 | D:5      | Noticed Eustachio
  6037 | D:5      | Killed Eustachio
  6037 | D:5      | Reached XP level 8. HP: 40/40 MP: 9/9
  6450 | D:5      | Reached skill level 11 in Stealth
  7315 | D:4      | Bought a scroll of identify for 22 gold pieces
  7315 | D:4      | Bought a scroll of identify for 22 gold pieces
  7315 | D:4      | Bought a scroll of remove curse for 33 gold pieces
  7315 | D:4      | Bought a scroll of enchant armour for 82 gold pieces
  7315 | D:4      | Bought a scroll of blinking for 82 gold pieces
  7315 | D:4      | Bought a scroll of blinking for 82 gold pieces
  7459 | D:6      | Found a glowing golden altar of the Shining One.
  7464 | D:6      | Noticed Duvessa
  7464 | D:6      | Noticed Dowan
  7482 | D:6      | Noticed Edmund
  7492 | D:6      | Killed Edmund
  7601 | D:7      | Reached skill level 5 in Throwing
  7784 | D:7      | Found a stormy altar of Qazlal.
  7852 | D:7      | Reached skill level 12 in Stealth
  8289 | D:7      | Reached XP level 9. HP: 45/45 MP: 10/10
  8779 | D:7      | Reached skill level 10 in Dodging
  9831 | D:6      | Killed Duvessa
  9845 | D:6      | Killed Dowan
  9845 | D:6      | Reached skill level 13 in Stealth
  9869 | D:6      | Found a sparkling altar of Nemelex Xobeh.
 11068 | D:6      | Bought a glowing blowgun for 70 gold pieces
 11570 | D:8      | Noticed Joseph
 11574 | D:8      | Found Ponn's Distillery.
 11872 | D:8      | Reached XP level 10. HP: 51/51 MP: 11/11
 11993 | D:8      | Found a blossoming altar of Fedhas.
 12011 | D:8      | Reached skill level 14 in Stealth
 12141 | D:8      | Killed Joseph
 12335 | D:8      | Reached skill level 5 in Fighting
 12415 | D:8      | Bought a potion of degeneration for 11 gold pieces
 12415 | D:8      | Bought 2 potions of flight for 66 gold pieces
 12415 | D:8      | Bought a potion of might for 44 gold pieces
 12415 | D:8      | Bought 2 potions of cancellation for 176 gold pieces
 12575 | D:8      | Noticed Grum
 12608 | D:8      | Killed Grum
 12924 | D:8      | Bought a potion of might for 44 gold pieces
 12924 | D:8      | Bought a potion of curing for 33 gold pieces
 12924 | D:8      | Bought a potion of agility for 44 gold pieces
 13014 | D:8      | Slain by a yak

Skill      XL: |  1  2  3  4  5  6  7  8  9 10 |
---------------+-------------------------------+-----
Dodging        | 2 3 4 5 6 7 9 11 12 | 12.2
Stealth        | 6 7 8 9 10 12 13 14 | 14.6
Fighting       | 2 3 4 5 |  5.2
Throwing       | 3 4 5 6 |  6.5
Short Blades   | |  2.1

Action                   |  1- 3 |  4- 6 |  7- 9 | 10-12 || total
-------------------------+-------+-------+-------+-------++-------
Melee: Dagger            |   104 |   137 |   484 |   124 ||   849
       Spear             |       |       |   110 |       ||   110
 Fire: Blowgun           |    19 |   105 |   295 |     6 ||   425
Throw: Stone             |     2 |       |       |       ||     2
       Tomahawk          |       |       |     6 |       ||     6
       Throwing net      |       |       |     1 |     2 ||     3
Invok: Call Merchant     |       |       |     1 |       ||     1
  Use: Scroll            |     5 |     5 |     5 |     1 ||    16
       Potion            |       |     1 |     2 |       ||     3
 Stab: Sleeping          |    10 |     2 |    24 |     3 ||    39
       Invisible         |       |     2 |       |       ||     2
       Paralysed         |       |       |     2 |       ||     2
       Distracted        |       |       |     4 |     1 ||     5
       Held in net/web   |       |       |     1 |     1 ||     2
  Eat: Bread ration      |       |     1 |       |       ||     1
       Pizza             |       |       |     6 |       ||     6
Armor: Robe              |    12 |     5 |    37 |     5 ||    59
Dodge: Dodged            |    73 |   127 |   681 |   154 ||  1035
Block: Other             |     5 |     8 |    46 |     7 ||    66
       Reflection        |       |       |     1 |       ||     1
